AoeStats
← Herakles

Arabia

509896196Analyzed
2v2 RM · 3d ago on Sep 28, 2026· 42m 46s· 4 players
Game mode
Random Map
Map size
Medium (4 player)
Population
200
Speed
Normal
Resources
Standard
Victory
Conquest
Starting age
Dark Age
Ending age
Imperial Age
RankedLock teamsTeams togetherTeam positionsShared explorationLock speedFull tech treeHidden civsTurbo modeCheats
Victory
Defeat
🇨🇳 Jurchens · China
1033
+14
🇨🇳 Romans · China
1032
+14
🇨🇭 Cumans · Switzerland
994
-37
🇨🇭 Vikings · Switzerland
994
-37
Herakles
7:45 Loom
10:28 Feudal Age
14:06 Double-Bit Axe
16:55 Horse Collar
22:15 Wheelbarrow
22:39 Bloodlines
24:31 Castle Age
24:37 Castle Age
25:18 Padded Archer Armor
25:09 Fletching
28:54 Thumb Ring
29:52 Pikeman
32:39 Steppe Husbandry
38:57 Imperial Age
39:01 Halberdier
39:58 Elite Kipchak
41:30 Leather Archer Armor
41:27 Forging
41:17 Bodkin Arrow
41:23 Scale Mail Armor
Luo_ji22
6:30 Loom
9:55 Feudal Age
15:11 Double-Bit Axe
19:53 Fletching
24:47 Castle Age
25:44 Elite Skirmisher
27:09 Scale Barding Armor
38:31 Squires
38:18 Arson
42:22 Scale Mail Armor
よるのさくら
8:33 Feudal Age
9:10 Double-Bit Axe
8:54 Man-at-Arms
11:08 Loom
14:41 Town Watch
17:15 Gold Mining
17:11 Horse Collar
19:45 Castle Age
18:22 Scale Mail Armor
18:25 Stone Mining
20:53 Chain Mail Armor
22:41 Long Swordsman
24:13 Pikeman
29:31 Bow Saw
29:25 Squires
30:54 Wheelbarrow
38:03 Ballistas
39:13 Gold Shaft Mining
45:08 Imperial Age
Angelina
7:19 Loom
9:28 Feudal Age
10:01 Double-Bit Axe
10:31 Horse Collar
16:33 Bloodlines
21:17 Castle Age
20:45 Scale Barding Armor
20:50 Gold Mining
21:28 Forging
22:13 Bow Saw
22:05 Heavy Plow
22:27 Husbandry
24:20 Chain Barding Armor
24:11 Stone Mining
26:37 Wheelbarrow
30:16 Gold Shaft Mining
30:25 Hand Cart
34:03 Iron Casting
36:29 Imperial Age
34:24 Treadmill Crane
34:59 Town Watch
36:57 Stone Shaft Mining
37:33 Conscription
38:07 Plate Barding Armor
38:35 Blast Furnace
37:00 Elite Steppe Lancer
Connection lost

Rejoining the realm…

Still unreachable

The connection could not be restored.

Session expired

The server has moved on; the page needs a fresh start.